Map: Lost and Found LE

Players

Cure - Winner!

  • Race: Terran Terran
  • League: Master
  • Spawn Location: 1:00

ShoWTimE

  • Race: Protoss Protoss
  • Spawn Location: 7:00

Event: HomeStory Cup XVIII

VOD

Have the link to the VOD?

Description

Time

  • Played on: Nov. 22, 2018, 9:01 a.m.
  • Length: 12:49

All games in this series

Show
View Real Time Build Order
Export as new Build Order

Cure Terran - Winner!

Build Orders: Reaper Expand 

Get SALT Encoding   

  12  0:00  SCV  
  13  0:12  SCV  
  14  0:17  Supply Depot  
  14  0:25  SCV  
  15  0:38  SCV  
  15  0:39  Barracks  
  16  0:42  Refinery  
  16  0:50  SCV  
  17  1:02  SCV  
  18  1:14  SCV  
  19  1:26  Reaper  
  19  1:27  Orbital Command  
  20  1:43  Command Center  
  20  1:52  Supply Depot  
  20  1:53  SCV  
  21  1:58  Reaper  
  22  2:03  Refinery  
  22  2:05  SCV  
  23  2:17  SCV  
  23  2:20  Factory  
  24  2:29  SCV  
  25  2:31  Barracks Tech Lab  
  25  2:41  SCV  
  26  2:50  Marauder  
  27  2:53  SCV  
  27  2:54  Concussive Shells  
  27  2:57  Supply Depot  
  27  3:00  Barracks  
  27  3:04  Widow Mine  
  29  3:05  SCV  
  30  3:18  SCV  
  30  3:19  Marauder  
  33  3:22  Supply Depot  
  33  3:26  Widow Mine  
  35  3:33  SCV  
  33  3:37  Barracks  
  33  3:40  Marauder  
  34  3:45  SCV  
  33  3:51  Widow Mine, Stimpack  
  35  3:56  Orbital Command  
  35  3:57  Barracks Reactor  
  35  4:00  SCV  
  35  4:01  Marine  
  37  4:12  SCV  
  37  4:13  Factory Tech Lab  
  37  4:15  Bunker  
  38  4:20  Marine  
  38  4:22  SCV  
  40  4:24  SCV  
  40  4:26  Engineering Bay  
  41  4:34  SCV  
  41  4:36  SCV  
  41  4:38  Marine x4, Combat Shield  
  46  4:44  Supply Depot  
  47  4:47  SCV  
  47  4:49  SCV  
  47  4:52  Terran Infantry Weapons Level 1  
  49  4:55  Marine  
  49  4:56  Marine x3  
  49  4:59  SCV  
  54  5:01  SCV  
  55  5:13  Marine x3  
  55  5:14  Marine  
  57  5:16  SCV x2  
  60  5:28  Factory Reactor  
  60  5:30  SCV x2  
  60  5:31  Starport, Missile Turret  
  60  5:38  Supply Depot  
  60  5:40  Marine x3  
  63  5:43  SCV  
  63  5:44  Marine  
  64  5:52  SCV  
  64  5:55  SCV  
  66  5:59  Marine x2, Marauder  
  70  6:06  Supply Depot  
  70  6:08  Marauder  
  72  6:11  Supply Depot  
  72  6:15  Medivac  
  72  6:16  Medivac  
  76  6:19  Factory Reactor  
  76  6:27  Marauder  
  76  6:28  Marine x2  
  76  6:30  Marauder  
  82  6:33  Command Center, SCV x2  
  82  6:35  Supply Depot  
  84  6:44  Barracks  
  84  6:45  Barracks  
  84  6:47  SCV x2  
  84  6:50  Marine x2, Marauder  
  84  6:51  Marauder  
  84  6:53  Terran Infantry Armor Level 1  
  92  7:00  Supply Depot, SCV  
  92  7:01  SCV  
  94  7:04  Refinery  
  94  7:06  Refinery  
  94  7:12  Medivac  
  94  7:13  Medivac  
  98  7:20  Marauder x2  
  98  7:21  Marine x2  
  104  7:26  SCV x2  
  93  7:31  Widow Mine x2, Barracks Tech Lab  
  93  7:36  Barracks Reactor  
  97  7:38  SCV x2  
  97  7:41  Marine x2  
  97  7:42  Marauder x2  
  105  7:46  Medivac, Orbital Command  
  105  7:50  SCV x2  
  109  7:52  Medivac  
  109  7:57  Marauder  
  112  8:03  Widow Mine x2, SCV x2  
  117  8:08  Marauder x2  
  121  8:14  Supply Depot x2  
  121  8:19  Marauder  
  123  8:22  SCV x2  
  123  8:24  Refinery  
  123  8:25  Refinery  
  125  8:29  Armory, Engineering Bay  
  125  8:35  SCV  
  125  8:36  Supply Depot  
  125  8:37  Supply Depot  
  125  8:38  SCV x2  
  128  8:45  Marauder x2, Medivac x2  
  128  8:47  SCV  
  137  8:49  Widow Mine  
  137  8:54  Widow Mine  
  141  8:56  Missile Turret  
  141  8:59  Marine  
  141  9:00  Marine, Marauder  
  141  9:01  Marine  
  141  9:06  Marauder x2  
  138  9:15  Widow Mine  
  142  9:27  Widow Mine  
  142  9:29  Terran Infantry Weapons Level 2, Orbital Command  
  142  9:30  Terran Infantry Armor Level 2  
  124  9:49  Marauder x2  
  124  9:52  SCV x2  
  128  9:57  Barracks Reactor  
  128  9:58  Starport Reactor  
  128  9:59  Marine x2, Marauder, Factory Reactor  
  132  10:01  Missile Turret, SCV  
  132  10:04  SCV  
  132  10:06  Missile Turret  
  134  10:08  SCV  
  133  10:14  SCV  
  133  10:16  SCV  
  136  10:30  Marauder x3  
  136  10:31  Marine x2  
  143  10:35  Medivac  
  143  10:36  Medivac  
  143  10:38  Widow Mine  
  143  10:39  Widow Mine  
  151  10:49  Marine x2  
  153  10:55  Marauder x3  
  156  11:00  Marine  
  157  11:04  Supply Depot  
  157  11:06  Supply Depot x2  
  157  11:10  Liberator  
  157  11:11  Liberator  
  157  11:21  Supply Depot, Ghost Academy  
  157  11:26  Marine x3, Marauder x2  
  157  11:28  Widow Mine x2, Marauder  
  157  11:30  Marine  
  177  11:36  Starport  
  155  12:05  Widow Mine x2  
Show
View Real Time Build Order
Export as new Build Order

ShoWTimE Protoss 

Build Orders: 1 Gate Expand 

Get SALT Encoding   

  12  0:00  Probe  
  13  0:12  Probe  
  14  0:18  Pylon  
  14  0:24  Probe  
  15  0:32  Probe  
  15  0:37  Gateway  
  15  0:40  Probe  
  16  0:46  Assimilator  
  17  0:51  Probe  
  18  1:03  Probe  
  19  1:15  Probe  
  20  1:23  Cybernetics Core  
  20  1:34  Nexus  
  20  1:39  Pylon  
  20  1:41  Probe  
  21  1:50  Assimilator  
  21  1:51  Adept  
  21  1:53  Probe  
  22  2:01  Warp Gate  
  24  2:05  Probe  
  24  2:08  Stalker  
  25  2:18  Probe  
  27  2:30  Probe  
  27  2:32  Stalker  
  27  2:42  Probe  
  29  2:46  Probe  
  28  2:54  Probe  
  28  2:57  Robotics Facility  
  29  2:58  Probe  
  30  3:06  Probe  
  30  3:10  Probe  
  30  3:12  Sentry  
  33  3:18  Probe  
  32  3:23  Probe  
  32  3:30  Probe  
  32  3:35  Probe  
  32  3:39  Gateway  
  33  3:43  Probe  
  33  3:45  Warp Prism  
  34  3:50  Gateway  
  34  3:57  Probe  
  34  3:59  Probe  
  34  4:00  Phoenix  
  36  4:03  Sentry  
  36  4:07  Probe  
  39  4:10  Probe  
  39  4:13  Pylon  
  39  4:15  Probe  
  40  4:21  Observer  
  40  4:22  Probe  
  43  4:27  Probe  
  43  4:29  Stalker  
  46  4:34  Probe  
  47  4:39  Probe  
  47  4:40  Pylon  
  48  4:46  Probe  
  48  4:51  Probe  
  50  4:52  Stalker  
  50  4:53  Stalker  
  50  4:58  Twilight Council  
  54  5:00  Adept  
  54  5:01  Probe  
  54  5:03  Probe  
  54  5:05  Observer  
  59  5:14  Probe  
  58  5:15  Probe  
  58  5:21  Adept  
  58  5:26  Probe  
  59  5:30  Probe  
  59  5:34  Resonating Glaives  
  60  5:38  Pylon, Probe  
  60  5:41  Dark Shrine  
  60  5:42  Assimilator  
  61  5:43  Probe  
  61  5:45  Assimilator  
  62  5:56  Probe  
  63  5:57  Immortal  
  63  6:01  Nexus  
  63  6:03  Pylon  
  67  6:15  Probe x2  
  59  6:19  Adept x2  
  59  6:25  Adept  
  65  6:27  Probe  
  65  6:30  Gateway  
  65  6:31  Immortal  
  66  6:37  Gateway  
  66  6:46  Gateway  
  70  6:48  Sentry  
  70  6:51  Adept  
  70  6:53  Sentry  
  76  7:00  Gateway  
  76  7:02  Warp Prism  
  76  7:03  Probe  
  76  7:05  Probe  
  76  7:06  Gateway  
  80  7:15  Pylon  
  80  7:20  Sentry  
  80  7:21  Adept x2  
  86  7:23  Observer  
  86  7:29  Adept  
  84  7:33  Adept  
  86  7:41  Pylon  
  86  7:45  Blink  
  86  7:50  Adept x4  
  98  7:58  Adept x3  
  97  8:07  Stalker  
  97  8:11  Stalker x2  
  97  8:12  Stalker  
  105  8:17  Pylon  
  105  8:19  Pylon  
  105  8:23  Dark Templar  
  105  8:24  Dark Templar  
  109  8:35  Pylon, Probe x2  
  109  8:36  Probe  
  109  8:38  Dark Templar  
  109  8:39  Dark Templar  
  116  8:47  Stalker x2  
  116  8:48  Probe  
  121  8:55  Stalker  
  123  9:01  Adept x3  
  129  9:03  Pylon  
  129  9:12  Forge, Stalker  
  131  9:20  Stalker x2  
  133  9:27  Adept x4  
  135  9:37  Dark Templar  
  135  9:38  Adept  
  111  10:00  Adept x4  
  111  10:01  Adept x3  
  123  10:16  Stalker  
  125  10:22  Pylon  
  125  10:23  Pylon  
  125  10:27  Stalker x2  
  125  10:28  Stalker x2  
  133  10:54  Adept x4  
  141  10:58  Adept x2  
  142  11:14  Pylon  
  142  11:15  Pylon  
  142  11:21  Sentry x2  
  142  11:22  Stalker  
  142  11:24  Pylon  
  148  11:29  Pylon  
  148  11:40  Stalker x5  
  156  11:49  Zealot  
Tags
 
Add a new tag
Caveats
  • Supply blocks, unpowered buildings, or Contaminate may cause inaccurate times.
  • Supply counts are checked every 10 seconds.